 Dungeon Crawl Stone Soup version 0.32-a0-685-g93135e86f0 (webtiles) character file.

Game seed: 3305405048433087481

193 kae the Slasher (level 5, 0/38 HPs)
             Began as a Coglin Gladiator on Mar 12, 2024.
             Slain by a scorpion (6 damage)
             ... on level 4 of the Dungeon.
             The game lasted 00:01:48 (2945 turns).

kae the Slasher (Coglin Gladiator)                  Turns: 2945, Time: 00:01:48

Health: 0/38       AC:  5    Str: 14    XL:     5   Next: 72%
Magic:  5/5        EV: 12    Int:  7    God:
Gold:   223        SH:  0    Dex: 18    Spells: 4/4 levels left

rFire   . . .        a - +1 long sword {Choonhe}
rCold   . . .        f - +0 dagger {Bonhwa}
rNeg    . . .        b - +0 leather armour
rPois   .            c - +0 helmet
rElec   .            (no cloak)
rCorr   .            (no gloves)
SInv    .            p - +0 pair of boots
Will    .....        (amulet unavailable)
Stlth   +            (ring unavailable)
HPRegen 0.26/turn    (ring unavailable)
MPRegen 0.09/turn    (no gizmo)

%: no passive effects
@: lethally poisoned (0 -> -18), revved
A: off-hand wielding, slow wielding, warmup strikes, no jewellery
a: Invent Gizmo


You were on level 4 of the Dungeon.
You visited 1 branch of the dungeon, and saw 4 of its levels.

You collected 223 gold pieces.


Innate Abilities, Weirdness & Mutations

You can wield a second weapon in your off-hand.
It takes a long time for you to wield or remove held weapons.
Your first few attacks do less damage.
You cannot equip rings or amulets.


   Skills:
 - Level 2.0 Fighting
 + Level 6.2 Long Blades
 - Level 1.7 Throwing
 - Level 2.6 Dodging


You had 4 spell levels left.
You didn't know any spells.
Your spell library contained the following spells:

 Spells                   Type           Power      Damage    Failure   Level
 Ensorcelled Hibernation  Hex/Ice        0%         N/A       65%         2
 Passwall                 Erth           0%         N/A       87%         3
 Swiftness                Air            0%         N/A       87%         3

Inventory:

Hand Weapons
 a - a +1 long sword (weapon) {Choonhe}
 f - a +0 dagger (offhand) {Bonhwa}
Missiles
 d - 4 throwing nets (quivered) {=f!f}
 e - a javelin
 g - 41 stones
 r - 10 poisoned darts
 v - 3 boomerangs
Armour
 b - a +0 leather armour (worn)
 c - a +0 helmet (worn)
 p - a +0 pair of boots (worn)
   (You found it on level 2 of the Dungeon)
Magical Staves
 i - a staff of cold {!a}
   (You found it on level 2 of the Dungeon)
Scrolls
 l - a scroll of teleportation {@r4}
Potions
 h - a potion of berserk rage {unknown}
 j - 2 potions of lignification {!q}
 m - a potion of brilliance {unknown}
 n - 2 potions of curing {unknown}
 q - 4 potions of heal wounds {unknown}
 t - a potion of enlightenment {unknown}

Dungeon Overview and Level Annotations

Branches:
Dungeon (4/15) Zot: 21049
 Temple: D:4-7

Altars:

......>†.#.......#
.........+.......+
!........#.......#
.........####'####
.........#....)..#######
.........+..>..........#
.........#.............#
.........#.............#
###....@.#.......##...##
#....s.#.......###+##
#.$....#............#
#......#.......<....#
#......#............#
#......#............+
#......#.†.....##...#
.......#.......##...#
#.......######


You could see a scorpion.


Message History

You closely miss the quokka with your +0 dagger.
The quokka barely misses you. The quokka bites you.
A hobgoblin comes into view. 😕 HP[-2]
You take 2 damage, and now have 36/38 hp.
There are monsters nearby!
You slash the quokka with your +1 long sword!
You kill the quokka!
You hit the hobgoblin with your +1 long sword.
You kill the hobgoblin!
There is an open door, spattered with blood here.
Found a stone staircase leading down. 😎 HP[+2]
Your hp is fully restored (38).
No target in view!
No target in view!
A dart slug comes into view.
The dart slug launches a dart at you. The slug dart hits you. 😕 HP[-2]
You take 2 damage, and now have 36/38 hp. 😕 HP[+1]
A dart slug is nearby!
You hit the dart slug with your +0 dagger.
You barely miss the dart slug with your +1 long sword.
The dart slug launches a dart at you. The slug dart misses you.
You hit the dart slug with your +1 long sword.
You hit the dart slug with your +0 dagger.
A dart slug is nearby!
You hit the dart slug with your +1 long sword.
You hit the dart slug with your +0 dagger.
You kill the dart slug!
No target in view! 😎 HP[+1]
Your hp is fully restored (38).
A kobold comes into view.
It is wielding a +0 dagger and quivering poisoned darts.
The kobold shouts!
A scorpion comes into view.
There are monsters nearby!
There are monsters nearby!
You closely miss the kobold with your +1 long sword.
You hit the kobold with your +0 dagger. The kobold hits you but does no damage.
There are monsters nearby!
You hit the kobold with your +0 dagger.
You kill the kobold!
The scorpion stings you!
You are poisoned.
The scorpion poisons you!
Things that are here:
a +0 dagger; 5 poisoned darts; a kobold corpse 😕 HP[-7]
You take 7 damage, and now have 31/38 hp.
A scorpion is nearby!
You barely miss the scorpion with your +0 dagger.
You closely miss the scorpion with your +1 long sword.
You feel sick. The scorpion stings you.
You are too injured to fight recklessly! 😮 HP[-5]
You take 5 damage, and now have 26/38 hp.
A scorpion is nearby!
You are too injured to fight recklessly!
You are too injured to fight recklessly!
A scorpion is nearby!
You are too injured to fight recklessly!
You are too injured to fight recklessly!
A scorpion is nearby!
You are too injured to fight recklessly!
You are too injured to fight recklessly!
A scorpion is nearby!
You are too injured to fight recklessly!
You are too injured to fight recklessly!
Unknown command.
You slash the scorpion with your +1 long sword!
You closely miss the scorpion with your +0 dagger.
You feel sick. The scorpion stings you. 😮 HP[-5]
You take 5 damage, and now have 21/38 hp.
You hit the scorpion with your +1 long sword.
You hit the scorpion but do no damage.
You feel sick. The scorpion stings you.
* * * LOW HITPOINT WARNING * * *
😨 HP[-3]
You take 3 damage, and now have 18/38 hp.
Unknown command.
You closely miss the scorpion with your +1 long sword.
You hit the scorpion but do no damage.
You feel sick. The scorpion stings you!
* * * LOW HITPOINT WARNING * * *
You are lethally poisoned!
The scorpion poisons you! 😨 HP[-7]
You take 7 damage, and now have 11/38 hp.
You barely miss the scorpion with your +1 long sword.
You barely miss the scorpion with your +0 dagger.
* * * LOW HITPOINT WARNING * * *
You feel very sick. The scorpion stings you.
* * * LOW HITPOINT WARNING * * *
You are more poisoned.
The scorpion poisons you! The scorpion stings you.
You die...

Skill      XL: |  1  2  3  4  5 |
---------------+----------------+-----
Long Blades    | 4 5 6 |  6.2
Fighting       | |  2.0
Throwing       | |  1.7
Dodging        | |  2.6

Action                     |  1- 3 |  4- 6 || total
---------------------------+-------+-------++-------
  Melee: Long sword        |    83 |   112 ||   195
         Dagger            |    65 |    99 ||   164
    Use: Scroll            |     1 |     5 ||     6
   Stab: Sleeping          |     1 |     1 ||     2
         Distracted        |       |     1 ||     1
 Armour: Leather armour    |    42 |    58 ||   100
  Dodge: Dodged            |    49 |    69 ||   118

Levels and vault maps discovered:
D:1:      onia_arrival_mini_spirals, layout_basic
D:2:      layout_basic, minmay_misc_feat_enclosed, kennysheep_generic_room_3,
          uniq_jessica, uniq_robin
D:3:      layout_loops_ring
D:4:      layout_gridville, kennysheep_ying_yang, uniq_sigmund,
          uniq_blork_the_orc

Notes
Turn   | Place    | Note
-------+----------+-------------------------------------------
     0 | D:1      | kae the Coglin Gladiator began the quest for the Orb.
     0 | D:1      | Reached XP level 1. HP: 16/16 MP: 1/1
     0 | D:1      | magus.rc [v1.11.3]
    62 | D:1      | Reached XP level 2. HP: 14/22 MP: 2/2
   253 | D:1      | Reached skill level 4 in Long Blades
   440 | D:1      | Reached XP level 3. HP: 27/27 MP: 3/3
  1001 | D:1      | You pick up a book of Burglary and begin reading...
  1001 | D:1      | You add the spells Ensorcelled Hibernation, Swiftness and
                  | Passwall to your library.
  1229 | D:2      | Noticed Jessica
  1236 | D:2      | Killed Jessica
  1237 | D:2      | Reached skill level 5 in Long Blades
  1237 | D:2      | Reached XP level 4. HP: 27/33 MP: 4/4
  1291 | D:2      | Noticed Robin
  1333 | D:1      | HP: 6/33 [poisoned by Robin]
  1337 | D:1      | HP: 2/33 [poisoned by Robin]
  1474 | D:2      | Killed Robin
  1659 | D:2      | Reached XP level 5. HP: 38/38 MP: 5/5
  2132 | D:3      | Identified the +5 mace of Departure {protect, Str+4 Int+3}
  2401 | D:3      | Reached skill level 6 in Long Blades
  2945 | D:4      | HP: 8/38 [poisoned by a scorpion]
  2945 | D:4      | Slain by a scorpion

Vanquished Creatures
  Jessica (D:2)
  An orc wizard (D:3)
  Robin (D:2)
  An adder (D:2)
  4 dart slugs
  13 orcs (D:3)
  8 ball pythons
  4 bats
  5 endoplasms
  A giant cockroach (D:1)
  11 goblins
  8 hobgoblins
  7 jackals
  10 kobolds
  5 quokkas
  5 frilled lizards (D:2)
  12 rats
97 creatures vanquished.

Table legend:
 A = Non-vault XP
 B = Vault XP
 C = Vault XP percentage of total XP
 D = Non-vault monster count
 E = Vault monster count
 F = Vault count percentage of total count
                 A         B        C        D         E       F
            +---------+---------+-------+---------+---------+-------
      Total |     202 |      75 |  27.1 |      83 |      14 |  14.4
            +---------+---------+-------+---------+---------+-------
        D:1 |      53 |       2 |   3.6 |      29 |       1 |   3.3
        D:2 |      49 |      73 |  59.8 |      25 |      13 |  34.2
        D:3 |      88 |       0 |   0.0 |      24 |       0 |   0.0
        D:4 |      12 |       0 |   0.0 |       5 |       0 |   0.0
            +---------+---------+-------+---------+---------+-------

Skill      XL: |  1  2  3  4  5 |
---------------+----------------+-----
Long Blades    | 4 5 6 |  6.2
Fighting       | |  2.0
Throwing       | |  1.7
Dodging        | |  2.6

Action                     |  1- 3 |  4- 6 || total
---------------------------+-------+-------++-------
  Melee: Long sword        |    83 |   112 ||   195
         Dagger            |    65 |    99 ||   164
    Use: Scroll            |     1 |     5 ||     6
   Stab: Sleeping          |     1 |     1 ||     2
         Distracted        |       |     1 ||     1
 Armour: Leather armour    |    42 |    58 ||   100
  Dodge: Dodged            |    49 |    69 ||   118

Illustrated notes

Table legend:
 A = Kills in this place as a percentage of kills in the entire game.
 B = Kills by you in this place as a percentage of kills by you in the entire game.
 C = Kills by friends in this place as a percentage of kills by friends in the entire game.
 D = Other kills in this place as a percentage of other kills in the entire game.
 E = Experience gained in this place as a percentage of experience gained in the entire game.
 F = Experience gained in this place divided by the number of levels of this place that you have seen.
                   A       B       C       D       E      F
               +-------+-------+-------+-------+-------+----------------------
         Total | 100.0 | 100.0 |   N/A |   N/A | 100.0 |  69.2
       Dungeon | 100.0 | 100.0 |   N/A |   N/A | 100.0 |  69.2
               +-------+-------+-------+-------+-------+----------------------

Table legend: (Time is in decaauts)
 A = Elapsed time spent in this place.
 B = Non-inter-level travel time spent in this place.
 C = Inter-level travel time spent in this place.
 D = Time resting spent in this place.
 E = Time spent auto-exploring this place.
 F = Levels seen in this place.
 G = Mean time per level.
                   A        B        C        D        E       F      G
               +--------+--------+--------+--------+--------+-----+--------+
         Total |   2949 |   2863 |     86 |    233 |   2110 |   4 |  737.2 |
       Dungeon |   2949 |   2863 |     86 |    233 |   2110 |   4 |  737.2 |
               +--------+--------+--------+--------+--------+-----+--------+

Top non-repeatable levels by time:
     D:1: 1246 daAuts
     D:3: 825 daAuts
     D:2: 807 daAuts
     D:4: 70 daAuts
